 Dungeon Crawl Stone Soup version 0.31-a0-95-g6fa058ef04 (webtiles) character file.

Game seed: 3138989870190175274

25 NateTC the Magician (level 3, -3/25 HPs)
             Began as a Djinni Ice Elementalist on May 25, 2023.
             Was a High Priest of Ignis.
             Slain by a gnoll
             ... wielding a +0 club
              (7 damage)
             ... on level 2 of the Dungeon.
             The game lasted 00:02:30 (583 turns).

NateTC the Magician (Djinni Ice Elementalist)        Turns: 583, Time: 00:02:30

Health: -3/25      AC:  2    Str:  7    XL:     3   Next: 20%
Gold:   66         EV: 12    Int: 18    God:    Ignis [*****.] SH:  0 Dex: 13

rFire   + + +        (no weapon)
rCold   x . .        (no shield)
rNeg    . . .        a - +0 robe
rPois   ∞            (no helmet)
rElec   .            (no cloak)
rCorr   .            (no gloves)
SInv    .            (boots unavailable)
Will    .....        (no amulet)
Stlth   ++           (no ring)
HPRegen 0.24/turn    (no ring)
MPRegen 0.00/turn

%: infuse magic (-4 HP)
@: flying
A: sickness immunity, fire resistance 2, cold vulnerability 1, float, innate
caster, HP casting, extra vitality 1
a: Renounce Religion, Fiery Armour, Foxfire Swarm, Rising Flame


You were on level 2 of the Dungeon.
You worshipped Ignis.
Ignis was extremely pleased with you.
You visited 1 branch of the dungeon, and saw 2 of its levels.

You collected 66 gold pieces.

Inventory:

Armour
 a - a +0 robe (worn)
Potions
 b - a potion of attraction
 c - a potion of curing {unknown}
 e - a potion of cancellation
 f - a potion of enlightenment


   Skills:
 - Level 2.1 Dodging
 - Level 1.5 Stealth
 * Level 4.0 Spellcasting
 * Level 4.0 Conjurations
 * Level 4.0 Hexes
   Level 0.0 Charms
 * Level 4.0 Summonings
 * Level 4.0 Necromancy
 * Level 4.0 Translocations
 * Level 4.0 Transmutations
 * Level 4.0 Fire Magic
 * Level 4.0 Ice Magic
 * Level 4.0 Air Magic
 * Level 4.0 Earth Magic
 * Level 4.0 Poison Magic


You knew the following spells:

 Your Spells              Type           Power      Damage    Failure   Level
a - Freeze                Ice            72%        1d8       2%          1
b - Frozen Ramparts       Ice            36%        1d6       9%          3
c - Ozocubu's Armour      Ice            18%        N/A       9%          3
d - Summon Ice Beast      Ice/Summ       16%        N/A       34%         4
e - Shock                 Conj/Air       64%        1d7       3%          1
Your spell library was empty.

Dungeon Overview and Level Annotations

Branches:
Dungeon (2/15) Zot: 11417

Altars:
Ignis


Innate Abilities, Weirdness & Mutations

You are immune to sickness and miasma.
You are immune to poison.
Your flesh is very heat resistant. (rF++)
You are vulnerable to cold. (rC-)
You float through the air rather than walking.
You learn spells naturally, not from books.
Your magical power is your life essence.
You have superior vitality. (+4 MHP)


Message History

Your experience leads to an increase in your attributes!
Increase (S)trength, (I)ntelligence, or (D)exterity?
You feel clever. x2
The power to cast Shock wells up from within.
Spell assigned to 'e'.
Casting: Freeze (safe; 2% risk of failure)
Confirm with . or Enter, or press ? or * to list all spells.
Aiming: Shock (safe; 3% risk of failure)
Press: ? - help, Shift-Dir - straight line, f - gnoll
Aim: a gnoll, wielding a +0 club (75% to hit)
The zap hits the gnoll.
The gnoll is moderately wounded.
The zap hits the goblin.
The goblin is heavily wounded.
The zap hits the gnoll.
The gnoll is moderately wounded.
The gnoll hits you with a +0 club!
Casting: Shock (safe; 3% risk of failure)
Confirm with . or Enter, or press ? or * to list all spells.
Aiming: Shock (safe; 3% risk of failure)
Press: ? - help, Shift-Dir - straight line, f/p - gnoll
Aim: a gnoll, wielding a +0 club (moderately wounded, 75% to hit)
The zap hits the gnoll.
The gnoll is heavily wounded.
The zap hits the goblin.
You kill the goblin!
The zap hits the gnoll!
The gnoll is severely wounded.
The gnoll barely misses you.
Casting: Shock (safe; 3% risk of failure)
Confirm with . or Enter, or press ? or * to list all spells.
Aiming: Shock (safe; 3% risk of failure)
Press: ? - help, Shift-Dir - straight line, f/p - gnoll
Aim: a gnoll, wielding a +0 club (heavily wounded, 75% to hit)
The zap hits the gnoll.
The gnoll is severely wounded.
The zap misses the gnoll.
The gnoll hits you with a +0 club.
* * * LOW HITPOINT WARNING * * *
The gnoll attacks as you move away! The gnoll hits you with a +0 club!
You die... .....# .....# ..... #... #gg

#)#########
#g#.......#
#g###.###.#
#@#...†.#.#
#.#.#.#.#.#
#.#.#.#.#.#
#†#..<#...#
#.###.#.#.#
#.....#.#.#
#.#####.#.#
### #.#.#
..#.#


You could see 2 gnolls and 2 hobgoblins.

Vanquished Creatures
  A gnoll (D:2)
  2 giant cockroaches
  3 goblins
  2 hobgoblins (D:1)
  A jackal (D:1)
  2 ball pythons
  A bat (D:1)
  3 frilled lizards (D:1)
  A rat (D:1)
16 creatures vanquished.

Notes
Turn   | Place    | Note
-------+----------+-------------------------------------------
     0 | D:1      | NateTC the Djinni Ice Elementalist began the quest for the
                  | Orb.
     0 | D:1      | NateTC set off with the following spells memorised: Freeze,
                  | Frozen Ramparts, Ozocubu's Armour, Summon Ice Beast.
     0 | D:1      | Reached XP level 1. HP: 15/15 MP: 0/0
    17 | D:1      | Found a faded altar of an unknown god.
    26 | D:1      | Prayed at the altar of an unknown god.
    26 | D:1      | Became a worshipper of Ignis, the Dying Flame
   300 | D:1      | Reached XP level 2. HP: 19/21 MP: 0/0
   578 | D:2      | Reached XP level 3. HP: 19/25 MP: 0/0
   578 | D:2      | Learned a level 1 spell: Shock
   583 | D:2      | Slain by a gnoll

Illustrated notes

Levels and vault maps discovered:
D:1:      eino_arrival_water_cross, layout_basic,
          ebering_ecumenical_altar_abandoned, serial_bayou_pond_d,
          minmay_small_reverse_x
D:2:      layout_basic, basic_altar, kennysheep_nub, minmay_pentomino_r4,
          uniq_robin, uniq_jessica

Skill      XL: |  1  2 |
---------------+-------+-----
Spellcasting   | 4 |  4.0
Conjurations   | 4 |  4.0
Hexes          | 4 |  4.0
Summonings     | 4 |  4.0
Necromancy     | 4 |  4.0
Translocations | 4 |  4.0
Transmutations | 4 |  4.0
Fire Magic     | 4 |  4.0
Ice Magic      | 4 |  4.0
Air Magic      | 4 |  4.0
Earth Magic    | 4 |  4.0
Poison Magic   | 4 |  4.0
Dodging        | |  2.1
Stealth        | |  1.5

Action                     || total
---------------------------++-------
   Cast: Freeze            ||    21
         Shock             ||     3
    Use: Scroll            ||     6
 Armour: Robe              ||     3
  Dodge: Dodged            ||    10

Table legend: (Time is in decaauts)
 A = Elapsed time spent in this place.
 B = Non-inter-level travel time spent in this place.
 C = Inter-level travel time spent in this place.
 D = Time resting spent in this place.
 E = Time spent auto-exploring this place.
 F = Levels seen in this place.
 G = Mean time per level.
                   A        B        C        D        E       F      G
               +--------+--------+--------+--------+--------+-----+--------+
         Total |    582 |    562 |     20 |     22 |    427 |   2 |  291.0 |
       Dungeon |    582 |    562 |     20 |     22 |    427 |   2 |  291.0 |
               +--------+--------+--------+--------+--------+-----+--------+

Top non-repeatable levels by time:
     D:1: 476 daAuts
     D:2: 106 daAuts
